 Dungeon Crawl Stone Soup version 0.29.1-4-g47bece8355 (webtiles) character file.

Game seed: 7999021236152580478

280 CaptainMV the Firebug (level 6, -1/47 HPs)
             Began as a Draconian Fire Elementalist on Dec 7, 2022.
             Slain by Ijyb
             ... wielding a +0 dagger
              (2 damage)
             ... on level 3 of the Dungeon.
             The game lasted 00:32:33 (2359 turns).

CaptainMV the Firebug (Draconian Fire Elementalist) Turns: 2359, Time: 00:32:34

Health: -1/47      AC:  7    Str: 10    XL:     6   Next: 5%
Magic:  9/11       EV: 12    Int: 18    God:
Gold:   156        SH:  0    Dex: 11    Spells: 8/11 levels left

rFire   . . .      SeeInvis .   v - +3 scythe (vorpal)
rCold   + . .      Faith    .   (shield currently unavailable)
rNeg    . . .      Spirit   .   (body armour unavailable)
rPois   .          Reflect  .   (helmet restricted)
rElec   .          Harm     .   (no cloak)
rCorr   .          Rampage  .   n - +0 pair of gloves
Will    .....                   (no boots)
Stlth   ++........              (no amulet)
HPRegen 0.15/turn               t - ring of ice
MPRegen 0.12/turn               x - ring of protection from fire

@: no status effects
A: AC +6, unfitting armour, cold-blooded
a: no special abilities


You were on level 3 of the Dungeon.
You visited 1 branch of the dungeon, and saw 3 of its levels.

You collected 156 gold pieces.

Inventory:

Hand Weapons
 d - a +0 dagger
 v - a +3 vorpal scythe (weapon)
Missiles
 m - 2 boomerangs (quivered)
 s - 4 poisoned darts
Armour
 n - a +0 pair of gloves (worn)
Magical Staves
 i - a staff of fire
Jewellery
 t - a ring of ice (left hand)
 x - a ring of protection from fire (right hand)
Scrolls
 f - 2 scrolls of poison {unknown}
 g - 2 scrolls of identify {unknown}
 j - a scroll of teleportation {unknown}
 k - a scroll of enchant armour {unknown}
 l - a scroll of magic mapping {unknown}
 o - a scroll of immolation {unknown}
 p - a scroll of butterflies {unknown}
 u - a scroll of blinking {unknown}
 y - a scroll of amnesia {unknown}
Potions
 a - a potion of magic
 c - a potion of attraction {unknown}
 e - 2 potions of heal wounds {unknown}
 h - a potion of mutation {unknown}
 q - a potion of cancellation {unknown}
 w - a potion of degeneration {unknown}
 z - a potion of invisibility {unknown}


   Skills:
 + Level 1.0 Fighting
 + Level 0.3 Short Blades
 + Level 1.4 Staves
 + Level 3.2 Dodging
 + Level 2.2 Stealth
 + Level 3.3 Spellcasting
 + Level 1.3 Conjurations
 + Level 4.2 Fire Magic
 + Level 0.3 Evocations


You had 8 spell levels left.
You knew the following spells:

 Your Spells              Type           Power      Damage    Failure   Level
a - Foxfire               Conj/Fire      52%        2x1d6     4%          1
b - Scorch                Fire           36%        2d6       4%          2

Your spell library contained the following spells:

 Spells                   Type           Power      Damage    Failure   Level
 Conjure Flame            Conj/Fire      13%        6-21      16%         3
 Inner Flame              Hex/Fire       10%        N/A       21%         3
 Ensorcelled Hibernation  Hex/Ice        8%         N/A       24%         2
 Passwall                 Tmut/Erth      2%         N/A       24%         2
 Spider Form              Tmut/Pois      3%         N/A       43%         3
 Swiftness                Air            3%         N/A       43%         3
 Flame Wave               Conj/Fire      13%        2d6       45%         4
 Anguish                  Hex/Necr       1%         N/A       83%         4
 Passage of Golubria      Tloc           3%         N/A       83%         4
 Silence                  Hex/Air        1%         N/A       99%         5
 Lehudib's Crystal Spear  Conj/Erth      2%         10d2      100%        8


Dungeon Overview and Level Annotations

Branches:
Dungeon (3/15)

Altars:
Qazlal

Annotations:
D:3 Ijyb


Innate Abilities, Weirdness & Mutations

Your plain brown scales are hard. (AC +6)
You cannot fit into any form of body armour.
You are cold-blooded and may be slowed by cold attacks.


Message History

The arrow closely misses you.
Ijyb zaps a wand.
The puff of flame hits you!
The centaur shoots an arrow.
The arrow hits you! Ijyb hits you but does no damage.
The centaur shoots an arrow.
The arrow closely misses you.
The arrow completely misses the bat.
The bat closely misses you.
The centaur shoots an arrow.
The arrow barely misses you.
The arrow hits the bat!
The bat dies!
Ijyb barely misses you. Ijyb hits you with a +0 dagger.
You barely miss Ijyb.
Ijyb is moderately wounded.
The centaur shoots an arrow.
The arrow hits you.
* * * LOW HITPOINT WARNING * * *
Ijyb zaps a wand.
The puff of flame hits you!
* * * LOW HITPOINT WARNING * * *
The centaur shoots an arrow.
The arrow hits you.
* * * LOW HITPOINT WARNING * * *
The centaur shoots an arrow.
The arrow closely misses you.
You feel better.
The centaur shoots an arrow.
The arrow barely misses you. Ijyb hits you but does no damage.
The centaur shoots an arrow.
The arrow hits you.
* * * LOW HITPOINT WARNING * * *
Aiming: Charm
Press: ? - help, Q - select action, (/) - cycle Shift-Dir - straight line, f - centaur
Aim: a centaur, wielding a +0 shortbow (chance to affect: 50%)
The centaur resists with some effort.
The now-empty wand crumbles to dust.
Ijyb barely misses you.
Casting: Foxfire (safe; 4% risk of failure)
Confirm with . or Enter, or press ? or * to list all spells.
You conjure some foxfire!
The foxfire hits the centaur.
The centaur is moderately wounded.
Ijyb zaps a wand.
The puff of flame hits you.
* * * LOW HITPOINT WARNING * * *
Casting: Foxfire (safe; 4% risk of failure)
Confirm with . or Enter, or press ? or * to list all spells.
You conjure some foxfire!
The centaur unwields a +0 shortbow.
The centaur hits you but does no damage.
The centaur misses you. Ijyb hits you with a +0 dagger.
You die...

........#.#
........#.#.#
.#....#
.......#.#.#..#....#
......#.#.#..#....#
#...........#....#
#........#.##....#
##.$......#.#.....+
#vc...†.....###...#
#v@g...............
#v#####'#.####....#
#.# #.#.####....#
##.#####...........#
#........#.#####...#
#.....##.#.# ##†##
#.###.##.#.# #.#
#.#.#.##.#.# #.#
#.#........######.##


You could see Ijyb (ally target) and a centaur (ally target).

Vanquished Creatures
  Sigmund (D:3)
  6 adders
  2 worms
  5 orcs (D:3)
  5 endoplasms
  4 giant cockroaches
  6 goblins
  4 hobgoblins
  5 kobolds
  5 ball pythons
  4 bats
  5 frilled lizards
  A rat (D:3)
53 creatures vanquished.

Vanquished Creatures (collateral kills)
  A kobold (D:3)
1 creature vanquished.

Vanquished Creatures (others)
  An orc (D:3)
  A bat (D:3)
  49 foxfires
51 creatures vanquished.

Grand Total: 105 creatures vanquished

Notes
Turn   | Place    | Note
-------+----------+-------------------------------------------
     0 | D:1      | CaptainMV the Draconian Fire Elementalist began the quest
                  | for the Orb.
     0 | D:1      | Reached XP level 1. HP: 14/14 MP: 3/3
    55 | D:1      | Found a faded altar of an unknown god.
   196 | D:1      | Reached XP level 2. HP: 7/20 MP: 1/5
   595 | D:2      | Found a stormy altar of Qazlal.
   845 | D:2      | Reached XP level 3. HP: 25/26 MP: 3/6
  1539 | D:3      | Reached XP level 4. HP: 30/34 MP: 4/7
  1613 | D:3      | Learned a level 2 spell: Scorch
  1893 | D:3      | Noticed Sigmund
  1900 | D:3      | Killed Sigmund
  1901 | D:3      | Reached skill level 1 in Fighting
  1901 | D:3      | Reached skill level 1 in Staves
  1901 | D:3      | Reached skill level 4 in Fire Magic
  1901 | D:3      | Reached XP level 5. HP: 25/40 MP: 1/9
  1902 | D:3      | Reached XP level 6. HP: 30/47 MP: 1/11
  2347 | D:3      | Noticed Ijyb
  2358 | D:3      | HP: 1/47 [Ijyb/puff of flame (6)]
  2359 | D:3      | Slain by Ijyb

Illustrated notes

Levels and vault maps discovered:
D:1:      wander_arrival_chamber, layout_loops_ring,
          hellmonk_ecumenical_altar_pennies_from_heaven, serial_rivers,
          chequers_serial_rivers_micro_b, chequers_serial_rivers_micro_b,
          chequers_serial_rivers_micro_c, chequers_serial_rivers_micro_d,
          chequers_serial_rivers_micro_c, minmay_tetromino_l2
D:2:      layout_loops_corners, basic_altar
D:3:      layout_basic, chequers_serial_rivers_room_a, uniq_ijyb, uniq_sigmund

Skill      XL: |  1  2  3  4 |
---------------+-------------+-----
Dodging        | 2 3 |  3.2
Stealth        | 2 |  2.2
Fighting       | 1 |  1.0
Staves         | 1 |  1.4
Spellcasting   | 3 |  3.3
Fire Magic     | 4 |  4.2
Short Blades   | |  0.3
Conjurations   | |  1.3
Evocations     | |  0.3

Action                   |  1- 3 |  4- 6 || total
-------------------------+-------+-------++-------
Melee: Dagger            |    38 |       ||    38
       Tailslap          |     8 |     9 ||    17
       Unarmed           |     2 |       ||     2
       Staff             |    58 |    33 ||    91
       Halberd           |       |    16 ||    16
Throw: Boomerang         |     1 |       ||     1
 Cast: Foxfire           |    26 |     8 ||    34
       Scorch            |       |     9 ||     9
Evoke: Wand              |       |     5 ||     5
  Use: Potion            |     2 |     2 ||     4
 Stab: Sleeping          |     2 |     2 ||     4
Armor: Skin              |    49 |    19 ||    68
Dodge: Dodged            |    78 |    59 ||   137
